 Dungeon Crawl Stone Soup version 0.18-a0-993-g4a3b7c7 (webtiles) character file.

4309 kroki the Cleaver (level 10, -1/88 HPs)
             Began as a Ghoul Berserker on Jan 4, 2016.
             Was a High Priest of Trog.
             Slain by a troll (4 damage)
             ... on level 9 of the Dungeon.
             The game lasted 00:12:26 (9779 turns).

kroki the Cleaver (Ghoul Berserker)                 Turns: 9779, Time: 00:12:26

Health: -1/88      AC: 17    Str: 24    XL:     10   Next: 32%
Magic:  9/9        EV:  7    Int:  3    God:    Trog [*****.]
Gold:   410        SH:  0    Dex: 11    Spells: 0 memorised, 9 levels left

rFire  . . .     SeeInvis .     u - +0 war axe
rCold  + . .     Gourm    .     r - +0 plate armour
rNeg   + + +     Faith    .     (no shield)
rPois  ∞         Spirit   .     x - +1 hat
rElec  .         Dismiss  .     (no cloak)
rCorr  .         Reflect  .     y - +1 pair of gloves {Str+3}
SustAt .         Harm     .     q - +0 pair of boots
MR     .....                    (no amulet)
Stlth  ..........               (no ring)
                                B - ring of loudness (curse) {Stlth-}

@: rotting, not resistant to hostile enchantments, extremely unstealthy
A: rotting body, claws 1, carnivore 3, cold resistance 1, negative energy
resistance 3, slow regeneration 1, torment resistance, unbreathing
a: Trog's Hand, Brothers in Arms, Burn Spellbooks, Renounce Religion


You were on level 9 of the Dungeon.
You worshipped Trog.
Trog was extremely pleased with you.
You were not hungry.

You visited 1 branch of the dungeon, and saw 9 of its levels.

You collected 580 gold pieces.
You spent 170 gold pieces at shops.

Inventory:

Hand Weapons
 a - a +1 hand axe
 s - a +0 blowgun
   (You took it off a kobold on level 8 of the Dungeon)
 u - a +0 war axe (weapon)
   (You found it on level 5 of the Dungeon)
Missiles
 f - 72 poisoned needles
Armour
 q - a +0 pair of boots (worn)
   (You found it on level 5 of the Dungeon)
 r - a +0 plate armour (worn)
   (You found it on level 1 of the Dungeon)
 x - a +1 hat (worn)
   (You bought it in a shop on level 5 of the Dungeon)
 y - a +1 pair of gloves of strength (worn)
   (You bought it in a shop on level 5 of the Dungeon)
 J - a +2 helmet
   (You found it on level 8 of the Dungeon)
Jewellery
 B - a cursed ring of loudness (left hand) {Stlth-}
   (You found it on level 6 of the Dungeon)
Wands
 n - a wand of magic darts (31/48)
   (You found it on level 2 of the Dungeon)
 o - a wand of fire (0/15)
   (You found it on level 3 of the Dungeon)
 p - a wand of lightning (2/15)
   (You took it off Pikel on level 7 of the Dungeon)
 t - a wand of paralysis (0/24)
   (You found it on level 6 of the Dungeon)
 K - a wand of confusion (27/48)
   (You found it on level 8 of the Dungeon)
Scrolls
 h - 6 scrolls of remove curse
 i - 4 scrolls of teleportation
 v - a scroll of immolation {!r}
 w - a scroll of noise {!r}
 C - 3 scrolls of recharging
 F - 2 scrolls of identify
 L - a scroll of blinking {!r}
 M - a scroll of magic mapping {!r}
 N - a scroll of fear
Potions
 b - a potion of lignification
 d - 2 potions of brilliance
 e - 6 potions of curing {unknown}
 g - 2 potions of cancellation
 j - a potion of resistance
 k - a potion of cure mutation {!q}
 m - a potion of ambrosia {unknown}
 z - a potion of heal wounds {unknown}
 A - 2 potions of mutation {unknown}
 G - a potion of invisibility {unknown}
 H - 2 potions of berserk rage {unknown}
 I - a potion of beneficial mutation {unknown}
Books
 E - a book of Clouds
   (You found it on level 7 of the Dungeon)
 P - a book of Envenomations
   (You found it on level 9 of the Dungeon)
Comestibles
 c - 4 meat rations {@e2}
 l - 3 beef jerkies
 D - a slice of pizza
 O - 3 chunks of flesh {@w0}


   Skills:
 + Level 8.2 Fighting
 * Level 10.8 Axes
 + Level 5.8 Armour
 - Level 1.7 Dodging


You had 9 spell levels left.
You didn't know any spells.

Dungeon Overview and Level Annotations

Branches:
Dungeon (9/15)             Temple (0/1) D:5
   Lair: D:8-11         Orc: D:9-12

Altars:
Ashenzari
Elyvilon
Gozag
Kikubaaqudgha
Nemelex Xobeh
Okawaru
Pakellas
Qazlal
Ru
Trog
Xom

Shops:
D:5 [

Annotations:
D:5 exclusion: orc wizard


Innate Abilities, Weirdness & Mutations

Your body is rotting away.
You thrive on raw meat.
You are immune to poison.
You have sharp fingernails.
You are carnivorous and can eat meat at any time.
Your flesh is cold resistant.
You are immune to negative energy.
You regenerate slowly when monsters are visible.
You are immune to unholy pain and torment.
You can survive without breathing.


Message History

You now have 410 gold pieces (gained 16).
You open the door.
There is an open door here.
You open the door.
An ogre comes into view. It is wielding a giant club.
The ogre shouts!
An ogre is nearby!
An ogre is nearby!
An ogre is nearby!
Wield which item (- for none, * to show all)? (? for menu, Esc to quit)
You are already wielding that!
Wield which item (- for none, * to show all)? (? for menu, Esc to quit)
s - a +0 blowgun (weapon)
Aim: an ogre, wielding a giant club You shoot a poisoned needle.
The poisoned needle hits the ogre!
The ogre is poisoned.
Aim: an ogre, wielding a giant club (poisoned)
You shoot a poisoned needle. The poisoned needle hits the ogre!
The ogre looks even sicker.
Wield which item (- for none, * to show all)? (? for menu, Esc to quit)
u - a +0 war axe (weapon)
You hit the ogre. The ogre hits you but does no damage.
You hit the ogre. The ogre hits you with a giant club!
You take 9 damage, and have 79/88 hp.
You completely miss the ogre. You hit the ogre but do no damage.
The ogre hits you with a giant club!
You take 13 damage, and have 66/88 hp.
You slash the ogre!
You kill the ogre!
Trog accepts your kill.
There is an open door here.
You see here a giant club.
f - 76 poisoned needles (gained 1)
You found a shaft!
P - a book of Envenomations You regained 8 hp, and now have 75/88 hp.
A troll comes into view.
The troll shouts!
A troll is nearby!
A troll is nearby!
A troll is nearby!
Wield which item (- for none, * to show all)? (? for menu, Esc to quit)
s - a +0 blowgun (weapon)
Aim: a troll You shoot a poisoned needle.
The poisoned needle hits the troll!
The troll is poisoned.
Aim: a troll (poisoned)
You shoot a poisoned needle. The poisoned needle hits the troll!
The troll looks even sicker.
Aim: a troll (poisoned)
You shoot a poisoned needle.
The poisoned needle barely misses the troll.
Aim: a troll (poisoned)
You shoot a poisoned needle. The poisoned needle hits the troll.
The troll bites you. The troll claws you but does no damage.
The troll claws you.
You take 6 damage, and have 71/88 hp.
Wield which item (- for none, * to show all)? (? for menu, Esc to quit)
u - a +0 war axe (weapon)
The troll bites you. The troll claws you. The troll claws you!
You take 11 damage, and have 60/88 hp.
You slash the troll! The troll bites you but does no damage.
The troll claws you. The troll claws you but does no damage.
You take 6 damage, and have 54/88 hp.
You hit the troll but do no damage. The troll closely misses you.
The troll claws you but does no damage. x2
You hit the troll but do no damage. The troll bites you. The troll claws you.
The troll claws you but does no damage.
You take 7 damage, and have 47/88 hp.
You completely miss the troll. The troll bites you but does no damage.
The troll barely misses you. The troll claws you but does no damage.
You barely miss the troll. The troll bites you!
The troll claws you but does no damage. The troll barely misses you.
You take 12 damage, and have 35/88 hp.
You slash the troll! The troll bites you but does no damage.
The troll claws you but does no damage. The troll claws you.
You take 4 damage, and have 31/88 hp.
You barely miss the troll. The troll bites you but does no damage.
The troll claws you but does no damage. The troll claws you.
You take 4 damage, and have 27/88 hp.
You barely miss the troll. The troll bites you.
* * * LOW HITPOINT WARNING * * *
The troll claws you.
* * * LOW HITPOINT WARNING * * *
The troll claws you but does no damage.
You take 5 damage, and have 22/88 hp.
You barely miss the troll. The troll closely misses you.
The troll claws you but does no damage. x2
You barely miss the troll. The troll bites you.
* * * LOW HITPOINT WARNING * * *
The troll claws you.
* * * LOW HITPOINT WARNING * * *
The troll claws you!
* * * LOW HITPOINT WARNING * * *
You take 12 damage, and have 10/88 hp.
Your plate armour prevents you from hitting the troll.
The troll bites you!
* * * LOW HITPOINT WARNING * * *
The troll claws you.
You die...

### . ... .. #.. ...##((
....( +#### . ... ...#
....##T####.##########+#
.......@................
.......#....####.######.
.......#########........
....########............
... #......#.#......#...
.. #......#.#..##......
. #.######.#..##.###..
######.# #....##.# .
#......# ####....+


You could see a troll.

Vanquished Creatures
  Pikel (D:7)
  Grinder (D:3)
  Prince Ribbit (D:9)
  Sigmund (D:3)
  2 hungry ghosts (D:8)
  Duvessa (D:4)
  2 orc warriors
  3 ice beasts
  2 phantoms
  3 slaves
  5 ogres
  A centaur (D:7)
  5 big kobolds
  A giant frog (D:6)
  Dowan (D:4)
  4 killer bees (D:8)
  3 jellies
  3 crimson imps
  3 hounds
  6 orc wizards
  7 orc priests
  An iguana (D:9)
  3 worker ants
  A hound zombie (D:5)
  A worker ant zombie (D:6)
  A gnoll (D:1)
  16 adders
  A shadow imp (D:6)
  2 oozes
  2 adder skeletons
  3 worms
  A giant gecko (D:4)
  30 orcs
  7 giant cockroaches
  7 goblins
  6 hobgoblins
  11 jackals
  53 kobolds
  4 quokkas
  A ball python (D:1)
  A ball python skeleton (D:4)
  10 bats
  A giant gecko skeleton (D:4)
  9 giant newts
  11 rats
239 creatures vanquished.

Vanquished Creatures (others)
  A human (D:2)
  An orc wizard (D:5)
2 creatures vanquished.

Grand Total: 241 creatures vanquished

Notes
Turn   | Place    | Note
--------------------------------------------------------------
     0 | D:1      | kroki the Ghoul Berserker began the quest for the Orb.
     0 | D:1      | Reached XP level 1. HP: 19/19 MP: 0/0
   346 | D:1      | Reached skill level 3 in Axes
   346 | D:1      | Reached XP level 2. HP: 17/26 MP: 1/1
   950 | D:1      | HP: 5/26 [gnoll/flail (6)]
   951 | D:1      | Reached XP level 3. HP: 5/31 MP: 2/2
  1597 | D:1      | Reached skill level 4 in Axes
  1908 | D:2      | Reached ** piety under Trog
  2020 | D:2      | Reached XP level 4. HP: 36/38 MP: 3/3
  2643 | D:2      | Found an ancient bone altar of Kikubaaqudgha.
  2644 | D:2      | Noticed a human
  2647 | D:2      | Killed a human
  2902 | D:3      | Noticed Sigmund
  2906 | D:3      | Killed Sigmund
  2906 | D:3      | Reached skill level 6 in Axes
  2906 | D:3      | Reached XP level 5. HP: 37/45 MP: 4/4
  2906 | D:3      | Reached XP level 6. HP: 41/51 MP: 5/5
  3629 | D:3      | Found a shimmering altar of Xom.
  3637 | D:3      | Noticed Grinder
  3637 | D:3      | Paralysed by Grinder for 2 turns
  3641 | D:3      | Killed Grinder
  3641 | D:3      | Reached skill level 7 in Axes
  3641 | D:3      | Reached XP level 7. HP: 57/57 MP: 6/6
  3672 | D:3      | Reached *** piety under Trog
  4137 | D:3      | Found an iron altar of Okawaru.
  4314 | D:4      | Noticed Duvessa
  4315 | D:4      | Noticed Dowan
  4320 | D:4      | Killed Duvessa
  4320 | D:4      | Reached skill level 4 in Fighting
  4321 | D:4      | Killed Dowan
  4322 | D:4      | Reached skill level 8 in Axes
  4471 | D:4      | Reached **** piety under Trog
  4594 | D:4      | Reached XP level 8. HP: 63/67 MP: 7/7
  5122 | D:5      | Entered Level 5 of the Dungeon
  5128 | D:5      | Reached skill level 5 in Fighting
  5128 | D:5      | Reached skill level 2 in Armour
  5685 | D:5      | Found a stormy altar of Qazlal.
  5686 | D:5      | Found Neosh's Antique Armour Emporium.
  5691 | D:5      | Bought a runed hat for 80 gold pieces
  5691 | D:5      | Bought a pair of runed gloves for 90 gold pieces
  5884 | D:5      | Found a staircase to the Ecumenical Temple.
  6061 | D:6      | Found a sacrificial altar of Ru.
  6075 | D:6      | Found an oddly glowing altar of Pakellas.
  6090 | D:6      | Found a bloodstained altar of Trog.
  6091 | D:6      | Found a sparkling altar of Nemelex Xobeh.
  6461 | D:6      | Reached skill level 3 in Armour
  6493 | D:6      | Reached skill level 6 in Fighting
  6673 | D:6      | Reached ***** piety under Trog
  6673 | D:6      | Reached skill level 9 in Axes
  6816 | D:6      | Reached XP level 9. HP: 75/75 MP: 8/8
  7322 | D:7      | Reached skill level 4 in Armour
  7354 | D:7      | Found a white marble altar of Elyvilon.
  7720 | D:7      | Noticed Pikel
  8121 | D:7      | Killed Pikel
  8121 | D:7      | Reached skill level 7 in Fighting
  8306 | D:8      | Reached skill level 10 in Axes
  8507 | D:8      | Found an opulent altar of Gozag.
  8651 | D:8      | Reached skill level 5 in Armour
  8723 | D:8      | Found a shattered altar of Ashenzari.
  8739 | D:8      | Reached XP level 10. HP: 85/88 MP: 9/9
  9209 | D:8      | Reached skill level 8 in Fighting
  9442 | D:9      | Noticed Prince Ribbit
  9471 | D:9      | Killed Prince Ribbit
  9776 | D:9      | HP: 22/88 [troll (1)]
  9778 | D:9      | HP: 10/88 [troll (7)]
  9779 | D:9      | HP: 3/88 [troll (7)]
  9779 | D:9      | Slain by a troll

Vault maps used:
D:1:      erik_arrival_cave_to_civilisation, due_unseen_surprise
D:2:      first_bread, minmay_misc_feat_chi, tgw_kikubaaqudgha
D:3:      xom_teletrap_fun, okawaru_altar_gauntlet_db, uniq_grinder,
          uniq_sigmund
D:4:      kennysheep_kobold_camp, uniq_duvessa
D:5:      nicolae_qazlal_general_emergency, tgw_sif, temple_hall, serial_shops,
          shop, interstate_on_off, kennysheep_generic_room_15
D:6:      grunt_temple_overflow_open, minmay_misc_feat_four_crosses
D:7:      lemuel_crystal_altar, uniq_pikel
D:8:      overflow_temple_1_default,
          nicolae_gozag_cash_rules_everything_around_me
D:9:      slow_altar_2, grunt_ogre_cave, uniq_prince_ribbit1, uniq_joseph

Action                   |  1- 3 |  4- 6 |  7- 9 | 10-12 || total
-------------------------+-------+-------+-------+-------++-------
Melee: Hand axe          |   127 |   147 |   320 |       ||   594
       War axe           |       |       |   291 |   137 ||   428
 Fire: Blowgun           |       |       |       |    25 ||    25
Invok: Trog's Hand       |       |     1 |     1 |       ||     2
Evoke: Wand              |       |     6 |    11 |       ||    17
  Use: Scroll            |     4 |     7 |     7 |       ||    18
       Potion            |     1 |       |     1 |       ||     2
 Stab: Paralysed         |       |       |     7 |       ||     7
  Eat: Chunk             |    19 |    12 |    42 |     6 ||    79

Vault maps used:
D:1:      erik_arrival_cave_to_civilisation, due_unseen_surprise
D:2:      first_bread, minmay_misc_feat_chi, tgw_kikubaaqudgha
D:3:      xom_teletrap_fun, okawaru_altar_gauntlet_db, uniq_grinder,
          uniq_sigmund
D:4:      kennysheep_kobold_camp, uniq_duvessa
D:5:      nicolae_qazlal_general_emergency, tgw_sif, temple_hall, serial_shops,
          shop, interstate_on_off, kennysheep_generic_room_15
D:6:      grunt_temple_overflow_open, minmay_misc_feat_four_crosses
D:7:      lemuel_crystal_altar, uniq_pikel
D:8:      overflow_temple_1_default,
          nicolae_gozag_cash_rules_everything_around_me
D:9:      slow_altar_2, grunt_ogre_cave, uniq_prince_ribbit1, uniq_joseph

Table legend:
 A = Turns spent in this place as a percentage of turns spent in the entire game.
 B = Non-inter-level travel turns spent in this place as a percentage of non-inter-level travel turns spent in the entire game.
 C = Inter-level travel turns spent in this place as a percentage of turns spent in this place.
 D = Turns resting spent in this place as a percentage of non-inter-level travel turns spent in this place.
 E = Turns spent auto-exploring this place as a percentage of non-inter-level travel turns spent in this place.
 F = Non-inter-level travel turns spent in this place divided by the number of levels of this place that you've seen.
                   A       B       C       D       E      F
               +-------+-------+-------+-------+-------+----------------------
         Total | 100.0 | 100.0 |   0.5 |   0.7 |   6.4 | 471.0
       Dungeon | 100.0 | 100.0 |   0.5 |   0.7 |   6.4 | 471.0
               +-------+-------+-------+-------+-------+----------------------

Table legend:
 A = Kills in this place as a percentage of kills in entire the game.
 B = Kills by you in this place as a percentage of kills by you in the entire game.
 C = Kills by friends in this place as a percentage of kills by friends in the entire game.
 D = Other kills in this place as a percentage of other kills in the entire game.
 E = Experience gained in this place as a percentage of experience gained in the entire game.
 F = Experience gained in this place divided by the number of levels of this place that you have seen.
                   A       B       C       D       E      F
               +-------+-------+-------+-------+-------+----------------------
         Total | 100.0 | 100.0 |  -nan | 100.0 | 100.0 | 684.1
       Dungeon | 100.0 | 100.0 |  -nan | 100.0 | 100.0 | 684.1
               +-------+-------+-------+-------+-------+----------------------
